AoeStats
← Churrupito

Lombardia

507301170Analyzed
3v3 RM · 16d ago on Sep 17, 2026· 44m 46s· 6 players
Game mode
Random Map
Map size
Normal (6 player)
Population
200
Speed
Normal
Resources
Standard
Victory
Conquest
Starting age
Dark Age
Ending age
Imperial Age
RankedLock teamsTeams togetherTeam positionsShared explorationLock speedFull tech treeHidden civsTurbo modeCheats
Victory
Defeat
🇪🇸 Malay · Spain
1410
+8
🇪🇸 Turks · Spain
1293
+12
🇪🇸 Hindustanis · Spain
1123
+20
🇸🇪 Spanish · Sweden
1229
-14
🇸🇪 Ethiopians · Sweden
1228
-14
🇪🇸 Vietnamese · Spain
1182
-12
JediiMastaah
9:03 Feudal Age
9:52 Double-Bit Axe
12:20 Horse Collar
13:32 Man-at-Arms
15:10 Scale Barding Armor
22:20 Castle Age
21:22 Forging
23:28 Chain Barding Armor
23:25 Husbandry
27:21 Loom
29:06 Light Cavalry
35:26 Fletching
35:36 Padded Archer Armor
36:11 Gold Mining
40:10 Gold Shaft Mining
39:48 Bow Saw
44:08 Imperial Age
41:54 Stone Mining
42:44 Wheelbarrow
44:12 Cavalier
Falcon
10:47 Feudal Age
10:38 Loom
15:06 Castle Age
20:35 Padded Archer Armor
26:31 Leather Archer Armor
29:04 Stone Mining
29:03 Double-Bit Axe
34:34 Imperial Age
40:36 Ring Archer Armor
Churrupito
9:25 Feudal Age
10:16 Double-Bit Axe
10:50 Loom
15:30 Fletching
22:48 Castle Age
21:08 Gold Mining
22:12 Padded Archer Armor
22:53 Crossbowman
23:32 Bodkin Arrow
24:24 Leather Archer Armor
27:12 Ballistics
36:15 Imperial Age
35:30 Elite Skirmisher
38:00 Chemistry
36:59 Arbalester
38:35 Ring Archer Armor
38:00 Imperial Skirmisher
39:08 Bracer
Skofilus
7:16 Loom
9:27 Feudal Age
9:25 Double-Bit Axe
10:00 Double-Bit Axe
11:23 Horse Collar
17:24 Gold Mining
20:00 Castle Age
18:40 Forging
20:08 Wheelbarrow
20:13 Bow Saw
26:37 Fletching
26:35 Town Watch
29:55 Imperial Age
27:13 Town Watch
26:57 Crossbowman
28:26 Bodkin Arrow
29:30 Ballistics
29:12 Padded Archer Armor
29:30 Bracer
30:24 Conscription
32:35 Chemistry
32:13 Padded Archer Armor
32:40 Thumb Ring
32:35 Arbalester
34:32 Leather Archer Armor
35:56 Hand Cart
35:47 Heavy Plow
36:24 Gold Shaft Mining
37:53 Forced Levy
41:26 Man-at-Arms
42:06 Squires
42:39 Ring Archer Armor
42:20 Forced Levy
42:44 Long Swordsman
43:11 Arson
44:02 Iron Casting
43:57 Two-Handed Swordsman
[MNKD] Shelrak
4:59 Loom
10:59 Feudal Age
13:24 Double-Bit Axe
16:31 Castle Age
17:20 Double-Bit Axe
18:16 Gold Mining
22:19 Bow Saw
22:46 Squires
22:50 Scale Mail Armor
23:57 Chain Mail Armor
28:25 Forging
31:14 Iron Casting
35:25 Imperial Age
35:30 Gold Shaft Mining
36:12 Elite Ghulam
39:14 Two-Man Saw
39:24 Conscription
38:53 Arson
44:24 Blast Furnace
[MNKD] ElActuario
3:59 Loom
10:27 Feudal Age
14:39 Castle Age
14:01 Double-Bit Axe
15:46 Bow Saw
16:14 Horse Collar
20:13 Fletching
25:59 Bodkin Arrow
35:29 Wheelbarrow
45:14 Imperial Age
43:34 Scale Barding Armor
44:12 Bloodlines
45:04 Chain Barding Armor
45:04 Husbandry
Connection lost

Rejoining the realm…

Still unreachable

The connection could not be restored.

Session expired

The server has moved on; the page needs a fresh start.